 Dungeon Crawl Stone Soup version 0.25-a0-42-g6c54e25894 (webtiles) character file.

Game seed: 1373209849945898469, levelgen mode: deterministic

241 Johnny the Poker (level 5, -1/45 HPs)
             Began as a Demigod Gladiator on Oct 22, 2019.
             Slain by a hippogriff (7 damage)
             ... on level 4 of the Dungeon.
             The game lasted 00:03:29 (3036 turns).

Johnny the Poker (Demigod Gladiator)                Turns: 3036, Time: 00:03:29

Health: -1/45      AC:  9    Str: 19    XL:     5   Next: 51%
Magic:  7/7        EV:  8    Int: 12    God:
Gold:   192        SH:  0    Dex: 17    Spells: 4/4 levels left

rFire    . . .     SeeInvis .   a - +0 trident
rCold    . . .     Gourm    .   (no shield)
rNeg     + . .     Faith    .   b - +0 chain mail
rPois    .         Spirit   .   c - +0 helmet
rElec    .         Reflect  .   (no cloak)
rCorr    .         Harm     .   (no gloves)
MR       .....                  (no boots)
Stlth    ..........             (no amulet)
HPRegen  0.15/turn              o - ring of positive energy
MPRegen  0.10/turn              (no ring)

@: no status effects
A: high mp 1
a: no special abilities


You were on level 4 of the Dungeon.
You were hungry.

You visited 1 branch of the dungeon, and saw 4 of its levels.

You collected 192 gold pieces.

Inventory:

Hand Weapons
 a - a +0 trident (weapon)
Missiles
 f - 3 throwing nets (quivered)
Armour
 b - a +0 chain mail (worn)
 c - a +0 helmet (worn)
Jewellery
 o - a ring of positive energy (left hand)
 s - an uncursed ring of flight {unknown}
Scrolls
 g - a scroll of random uselessness {unknown}
 h - a scroll of remove curse
 i - 4 scrolls of immolation
 j - 2 scrolls of amnesia {unknown}
 k - 2 scrolls of enchant weapon {unknown}
 m - a scroll of enchant armour {unknown}
 p - 2 scrolls of teleportation
 q - 2 scrolls of magic mapping {unknown}
Potions
 l - 2 potions of resistance
 n - 2 potions of flight
 r - a potion of berserk rage {unknown}
Comestibles
 d - 5 rations


   Skills:
 + Level 3.4 Fighting
 * Level 5.2 Polearms
 - Level 1.7 Throwing
 - Level 2.6 Dodging


You had 4 spell levels left.
You didn't know any spells.
Your spell library was empty.

Dungeon Overview and Level Annotations

Branches:
Dungeon (4/15)
 Temple: D:4-7

Annotations:
D:2 Crazy Yiuf


Innate Abilities, Weirdness & Mutations

You have an increased reservoir of magic. (+10% MP)


Message History

The hippogriff is almost dead.
The hippogriff barely misses you.
The hippogriff pecks you but does no damage.
The hippogriff claws you but does no damage.
Attack whom?
Press: ? - help, Dir - move target cursor, f/p - hippogriff
Aim: a hippogriff (almost dead)
You hit the hippogriff.
The hippogriff is almost dead.
The hippogriff bites you. The hippogriff pecks you.
* * * LOW HITPOINT WARNING * * *
The hippogriff claws you.
* * * LOW HITPOINT WARNING * * *
Attack whom?
Press: ? - help, Dir - move target cursor, f/p - hippogriff
Aim: a hippogriff (almost dead)
You barely miss the hippogriff.
The hippogriff is almost dead.
The hippogriff bites you!
You die...

.. .. ## #######
#######.....####
#####...H@.........#######
#.!.......................
...........................
....#########.....#########
.## #######


You could see a hippogriff.

Vanquished Creatures
  A scorpion (D:4)
  2 bullfrog skeletons
  4 adders
  2 worms (D:3)
  2 dart slugs
  8 leopard geckos
  6 orcs (D:3)
  5 giant cockroaches
  2 hobgoblins
  10 jackals
  5 kobolds
  3 quokkas
  A ball python (D:3)
  7 bats
  5 frilled lizards
  9 goblins
  A leopard gecko skeleton (D:4)
  9 rats
82 creatures vanquished.

Notes
Turn   | Place    | Note
-------+----------+-------------------------------------------
     0 | D:1      | Johnny the Demigod Gladiator began the quest for the Orb.
     0 | D:1      | Reached XP level 1. HP: 17/17 MP: 3/3
    67 | D:1      | Reached skill level 3 in Polearms
   158 | D:1      | Reached XP level 2. HP: 19/24 MP: 4/4
   559 | D:2      | Found an ornate altar of the Wu Jian Council.
   622 | D:2      | Reached XP level 3. HP: 30/30 MP: 5/5
   952 | D:2      | Found a runed translucent door.
   953 | D:2      | Noticed Crazy Yiuf
  1031 | D:2      | Found a shadowy altar of Dithmenos.
  1586 | D:3      | Reached skill level 4 in Polearms
  1800 | D:3      | Reached XP level 4. HP: 32/37 MP: 6/6
  2739 | D:4      | Reached XP level 5. HP: 41/45 MP: 7/7
  2781 | D:4      | Reached skill level 5 in Polearms
  3012 | D:4      | Noticed a hippogriff
  3036 | D:4      | Slain by a hippogriff

Levels and vault maps discovered:
D:1:      wheals_arrival_shading, layout_rooms
D:2:      layout_loops_ring, nicolae_overflow_crystal_walls,
          lemuel_crystal_altar, minmay_misc_feat_tiny, minmay_tetromino_i4,
          uniq_crazy_yiuf_cottage
D:3:      layout_loops_ring, first_ration
D:4:      layout_layer_cave, makhleb_blood_cavern_becter

Skill      XL: |  1  2  3  4  5 |
---------------+----------------+-----
Polearms       | 3 4 5 |  5.2
Fighting       | 2 3 |  3.4
Throwing       | |  1.7
Dodging        | |  2.6

Action                   |  1- 3 |  4- 6 || total
-------------------------+-------+-------++-------
Melee: Trident           |   177 |   111 ||   288
  Use: Scroll            |     5 |     1 ||     6
       Potion            |       |     1 ||     1
 Stab: Sleeping          |     6 |       ||     6
       Distracted        |       |     1 ||     1
  Eat: Ration            |     1 |       ||     1
       Chunk             |       |     3 ||     3
Armor: Leather armour    |    39 |     1 ||    40
       Chain mail        |       |    33 ||    33
       Ring mail         |       |     9 ||     9
Dodge: Dodged            |   109 |    43 ||   152

Table legend:
 A = Non-vault XP
 B = Vault XP
 C = Vault XP percentage of total XP
 D = Non-vault monster count
 E = Vault monster count
 F = Vault count percentage of total count
                 A         B        C        D         E       F
            +---------+---------+-------+---------+---------+-------
      Total |     339 |       6 |   1.7 |      78 |       4 |   4.9
            +---------+---------+-------+---------+---------+-------
        D:1 |      33 |       0 |   0.0 |      19 |       0 |   0.0
        D:2 |      52 |       6 |  10.3 |      22 |       4 |  15.4
        D:3 |     134 |       0 |   0.0 |      27 |       0 |   0.0
        D:4 |     120 |       0 |   0.0 |      10 |       0 |   0.0
            +---------+---------+-------+---------+---------+-------
